 Dungeon Crawl Stone Soup version 0.30-a0-359-gd0147acb1a (webtiles) character file.

Game seed: 16748632038224606846

490 oldriver the Magician (level 6, -1/48 HPs)
             Began as a Mummy Necromancer on Nov 12, 2022.
             Slain by Pikel
             ... wielding a +2 whip of flaming
              (7 damage)
             ... while paralysed by Pikel
             ... on level 5 of the Dungeon on Nov 13, 2022.
             The game lasted 00:08:42 (5022 turns).

oldriver the Magician (Mummy Necromancer)           Turns: 5022, Time: 00:08:43

Health: -1/48      AC:  4    Str: 12    XL:     6   Next: 90%
Magic:  6/14       EV:  2    Int: 16    God:
Gold:   172        SH:  0    Dex: 15    Spells: 7/16 levels left

rFire   x . .      SeeInvis .    j - +11 dagger of Uskayaw's Grace {speed, Dex+3}
rCold   + . .      Faith    +    (no shield)
rNeg    + + +      Spirit   .    a - +0 robe
rPois   ∞          Reflect  .    h - +0 helmet
rElec   .          Harm     .    (no cloak)
rCorr   +          Rampage  .    (no gloves)
Will    .....                    e - +0 pair of boots
Stlth   ++........               d - amulet of the acrobat
HPRegen 0.28/turn                i - ring of resist corrosion
MPRegen 0.14/turn                (no ring)

@: paralysed
A: cold resistance 1, negative energy resistance 3, torment resistance 2, heat
vulnerability 1, in touch with death 1, no potions, faith
a: no special abilities


You were on level 5 of the Dungeon.
You visited 1 branch of the dungeon, and saw 5 of its levels.

You collected 278 gold pieces.
You spent 106 gold pieces at shops.

Inventory:

Hand Weapons
 j - the +11 dagger of Uskayaw's Grace (weapon) {speed, Dex+3}
   (You found it on level 3 of the Dungeon)

   Attacks with this weapon are significantly faster.
   Dex:       It affects your dexterity (+3).
Armour
 a - a +0 robe (worn)
 e - a +0 pair of boots (worn)
 h - a +0 helmet (worn)
Jewellery
 d - an amulet of the acrobat (around neck)
 i - a ring of resist corrosion (left hand)
Scrolls
 b - 2 scrolls of identify
 c - a scroll of fog
 f - a scroll of summoning {unknown}
 g - 2 scrolls of silence
 k - a scroll of magic mapping {unknown}
 l - 3 scrolls of fear
 m - a scroll of vulnerability {unknown}
 n - a scroll of poison {unknown}


   Skills:
 * Level 4.0 Fighting
 + Level 0.8 Short Blades
 - Level 1.5 Dodging
 - Level 1.5 Stealth
 * Level 5.7 Spellcasting
 + Level 1.0 Conjurations
 - Level 5.0 Necromancy
 + Level 0.8 Fire Magic


You had 7 spell levels left.
You knew the following spells:

 Your Spells              Type           Power      Damage    Failure   Level
a - Necrotise             Necr           100%       1d9       1%          1
b - Vampiric Draining     Necr           30%        2d8       5%          3
c - Animate Dead          Necr           30%        N/A       19%         4
f - Foxfire               Conj/Fire      28%        2x1d5     10%         1

Your spell library contained the following spells:

 Spells                   Type           Power      Damage    Failure   Level
 Agony                    Necr           30%        N/A       45%         5
 Fireball                 Conj/Fire      3%         3d4       95%         5
 Starburst                Conj/Fire      3%         6d3       100%        6


Dungeon Overview and Level Annotations

Branches:
Dungeon (5/15)
 Temple: D:4-7

Altars:
Ashenzari
Sif Muna
Xom

Shops:
D:4 **(=

Annotations:
D:5 Pikel


Innate Abilities, Weirdness & Mutations

You are immune to poison.
Your flesh is cold resistant. (rC+)
You are immune to negative energy. (rN+++)
You are immune to unholy pain and torment.
You are vulnerable to heat. (rF-)
You are in touch with the powers of death.
You do not drink.
You have a special connection with the divine. (Faith)


Message History

Nothing appears to happen.
The foxfire hits Pikel but does no damage.
Casting: Foxfire (safe; 10% risk of failure)
Confirm with . or Enter, or press ? or * to list all spells.
You conjure some foxfire!
The foxfire hits Pikel.
Pikel is lightly wounded.
Casting: Foxfire (safe; 10% risk of failure)
Confirm with . or Enter, or press ? or * to list all spells.
You conjure some foxfire!
The foxfire hits Pikel but does no damage.
Pikel is lightly wounded.
Casting: Foxfire (safe; 10% risk of failure)
Confirm with . or Enter, or press ? or * to list all spells.
You conjure some foxfire!
The foxfire hits Pikel.
Pikel is lightly wounded.
The foxfire hits Pikel but does no damage.
Pikel is lightly wounded.
The foxfire hits Pikel.
Pikel is lightly wounded.
You feel a surge of power!
Pikel writhes in agony.
Pikel hits you with a +2 whip of flaming.
Pikel burns you.
You feel a surge of power!
Pikel writhes in agony!
Pikel hits you with a +2 whip of flaming.
Pikel burns you.
Your magical contamination has completely faded away.
You feel a surge of power!
Pikel writhes in agony.
Pikel says, "You'll make a fine lemure."
Pikel misses you.
You feel a surge of power!
Pikel barely resists.
Pikel zaps a wand.
You suddenly lose the ability to move!
Pikel hits you with a +2 whip of flaming!
Pikel burns you.
Pikel hits you with a +2 whip of flaming!
* * * LOW HITPOINT WARNING * * *
Pikel burns you.
* * * LOW HITPOINT WARNING * * *
Pikel hits you with a +2 whip of flaming!
You die...

#.....)......# ########
#............# #.......
#............# #.......
##............# #.......
..<...........# #.(.....
.#............#### #.......
....#.#.######...# #.......
......#.######.#.##########.#.###
>)......##...#..@K........#.#.#
....#.####.#.############.#.#.#
..###....#5#.......5...##.#.#.#
....####.#5###########.##.#.#.#
.#..#....#.#######...#.##.#.#.#
.#....##.#...........#.##.#.#.###
.#..#.............K..............
....#.#........#.......#.##.....#
#.....#.######.#.#...............


You could see Pikel.

Vanquished Creatures
  A black bear (D:4)
  4 lemures
  A scorpion (D:3)
  An orc priest (D:4)
  A hound (D:5)
  Jessica (D:2)
  2 iguanas (D:5)
  An orc wizard (D:4)
  11 adders
  A worm (D:2)
  2 dart slugs (D:2)
  3 orcs
  6 ball pythons
  7 endoplasms
  A giant cockroach (D:4)
  6 hobgoblins
  6 jackals
  3 kobolds
  6 quokkas
  6 bats
  2 frilled lizards
  5 goblins
  4 rats
81 creatures vanquished.

Vanquished Creatures (collateral kills)
  An endoplasm (D:3)
  A frilled lizard (D:3)
  A kobold (D:1)
3 creatures vanquished.

Vanquished Creatures (others)
  34 foxfires (D:5)
34 creatures vanquished.

Grand Total: 118 creatures vanquished

Notes
Turn   | Place    | Note
-------+----------+-------------------------------------------
     0 | D:1      | oldriver the Mummy Necromancer began the quest for the Orb.
     0 | D:1      | Reached XP level 1. HP: 13/13 MP: 4/4
   263 | D:1      | Reached XP level 2. HP: 20/20 MP: 3/6
   317 | D:1      | Reached skill level 1 in Fighting
  1145 | D:2      | Gained mutation: You are in touch with the powers of death.
                  | [Mummy growth]
  1145 | D:2      | Reached XP level 3. HP: 21/26 MP: 1/8
  1213 | D:2      | Learned a level 3 spell: Vampiric Draining
  1225 | D:2      | You fall into a shaft and drop 1 floor!
  1247 | D:3      | Identified the +11 dagger of Uskayaw's Grace {speed, Dex+3}
  1683 | D:2      | Reached XP level 4. HP: 29/33 MP: 3/10
  2072 | D:2      | Noticed Jessica
  2078 | D:2      | Killed Jessica
  2370 | D:3      | Noticed a scorpion
  2489 | D:3      | Found a shimmering altar of Xom.
  2492 | D:3      | Found a broken altar of Ashenzari.
  2495 | D:3      | Found a shimmering blue altar of Sif Muna.
  2550 | D:3      | Reached XP level 5. HP: 40/40 MP: 7/11
  2758 | D:3      | Reached skill level 5 in Spellcasting
  2763 | D:3      | Learned a level 4 spell: Animate Dead
  3315 | D:4      | Found Vuthregg's Jewellery Emporium.
  3338 | D:4      | Noticed a black bear
  3444 | D:4      | Found Zuluox's Antique Weapon Boutique.
  3449 | D:4      | Found Goeshre's Assorted Antiques.
  3454 | D:4      | Found Hapetz's General Store.
  3459 | D:4      | Bought a scroll labelled FOLATUSI QOLL for 29 gold pieces
  3459 | D:4      | Bought a scroll labelled BUATHR LIYWK for 29 gold pieces
  3464 | D:4      | Bought a scroll of fear for 48 gold pieces
  3465 | D:4      | Acquired a book of Fire
  3470 | D:4      | Learned a level 1 spell: Foxfire
  3482 | D:4      | Killed a black bear
  3483 | D:4      | Reached XP level 6. HP: 37/47 MP: 1/14
  4066 | D:5      | Entered Level 5 of the Dungeon
  4393 | D:5      | Reached skill level 1 in Conjurations
  4859 | D:5      | Reached skill level 5 in Necromancy
  4987 | D:5      | Noticed Pikel
  5019 | D:5      | Paralysed by Pikel for 5 turns
  5022 | D:5      | Slain by Pikel

Illustrated notes

Levels and vault maps discovered:
D:1:      kennysheep_arrival_forest, layout_rooms,
          hangedman_decor_clover_reticule, chequers_serial_rivers_micro_c
D:2:      layout_basic, kennysheep_jessica_study
D:3:      layout_basic, grunt_temple_overflow_cloverleaf
D:4:      layout_basic, serial_shops, shop, kennysheep_mini, shop,
          nicolae_shop_trees
D:5:      layout_basic, tso_oasis_becter, serial_glass, glass_columns_c,
          glass_columns_a, uniq_pikel

Skill      XL: |  1  2  3  4  5  6 |
---------------+-------------------+-----
Spellcasting   | 3 4 5 |  5.7
Fighting       | 1 2 3 4 |  4.0
Conjurations   | 1 |  1.0
Necromancy     | 5 |  5.0
Short Blades   | |  0.8
Dodging        | |  1.5
Stealth        | |  1.5
Fire Magic     | |  0.8

Action                   |  1- 3 |  4- 6 || total
-------------------------+-------+-------++-------
Melee: Unarmed           |    37 |       ||    37
       Dagger            |       |    15 ||    15
 Cast: Necrotise         |    74 |   106 ||   180
       Vampiric Draining |       |     6 ||     6
       Foxfire           |       |    25 ||    25
  Use: Scroll            |       |     6 ||     6
Armor: Robe              |    23 |     9 ||    32
Dodge: Dodged            |    66 |    50 ||   116

Table legend: (Time is in decaauts)
 A = Elapsed time spent in this place.
 B = Non-inter-level travel time spent in this place.
 C = Inter-level travel time spent in this place.
 D = Time resting spent in this place.
 E = Time spent auto-exploring this place.
 F = Levels seen in this place.
 G = Mean time per level.
                   A        B        C        D        E       F      G
               +--------+--------+--------+--------+--------+-----+--------+
         Total |   5016 |   4878 |    138 |    346 |   3713 |   5 | 1003.2 |
       Dungeon |   5016 |   4878 |    138 |    346 |   3713 |   5 | 1003.2 |
               +--------+--------+--------+--------+--------+-----+--------+

Top non-repeatable levels by time:
     D:2: 1194 daAuts
     D:3: 1043 daAuts
     D:1: 1003 daAuts
     D:4: 960 daAuts
     D:5: 816 daAuts
